 Dungeon Crawl Stone Soup version 0.31-a0-544-gceb718ecc6 (webtiles) character file.

Game seed: 15542876719442376096

100 Ofeo the Insei (level 4, -1/33 HPs)
             Began as a Demonspawn Shapeshifter on Aug 15, 2023.
             Slain by an orc wizard
             ... wielding a +0 dagger
              (3 damage)
             ... on level 3 of the Dungeon.
             The game lasted 00:02:30 (2556 turns).

Ofeo the Insei (Demonspawn Shapeshifter)            Turns: 2556, Time: 00:02:30

Health: -1/33      AC:  6    Str: 13 (15) XL:     4   Next: 46%
Magic:  4/4        EV: 17    Int:  7 (9)  God:
Gold:   116        SH:  0    Dex: 15 (16) Spells: 3/3 levels left

rFire   . .          .
                       - Unarmed
rCold   . . .        (no shield)
rNeg    + . .        m - +3 leather armour of Zokhagemui {rN+}
rPois   +            (helmet currently unavailable)
rElec   .            (cloak currently unavailable)
rCorr   .            (gloves currently unavailable)
SInv    .            (boots currently unavailable)
Will    +....        (no amulet)
Stlth   +            j - ring of poison resistance
HPRegen 0.25/turn    (no ring)
MPRegen 0.09/turn

%: no passive effects
@: mighty, agile, beast-form, enlightened, flying
A: beast (slay +2), ignite blood 1, powered by pain 1
a: Begin Untransformation


You were on level 3 of the Dungeon.
You were a hulking beast.
You visited 1 branch of the dungeon, and saw 3 of its levels.

You collected 116 gold pieces.

Inventory:

Missiles
 b - 4 curare-tipped darts (quivered)
Armour
 a - a +0 animal skin
 k - a +0 kite shield
 m - the +3 leather armour of Zokhagemui (worn) {rN+}
   (You found it on level 2 of the Dungeon)

   rN+:       It protects you from negative energy.
Jewellery
 j - a ring of poison resistance (left hand)
 t - a ring of ice
 v - an amulet of faith
Talismans
 c - a beast talisman (active)
 d - a flux talisman
Scrolls
 f - a scroll of revelation {unknown}
 h - 4 scrolls of identify {unknown}
 n - a scroll of fog {unknown}
 o - a scroll of fear {unknown}
 p - a scroll of teleportation {unknown}
 r - a scroll of torment {unknown}
 u - 2 scrolls of acquirement {unknown}
Potions
 g - a potion of degeneration
 l - 2 potions of lignification


   Skills:
 + Level 2.2 Fighting
 + Level 2.5 Dodging
 + Level 3.3 Unarmed Combat
 + Level 3.2 Shapeshifting


You had 3 spell levels left.
You didn't know any spells.
Your spell library contained the following spells:

 Spells                   Type           Power      Damage    Failure   Level
 Ensorcelled Hibernation  Hex/Ice        0%         N/A       65%         2
 Anguish                  Hex/Necr       0%         N/A       99%         4


Dungeon Overview and Level Annotations

Branches:
Dungeon (3/15)

Altars:
Nemelex Xobeh
Vehumet


Innate Abilities, Weirdness & Mutations

You are a hulking beast.
Your limbs bulge with bestial killing power. (Slay +2)
Your demonic aura sometimes causes spilled blood to erupt in flames.
You sometimes gain a little power by taking damage.


Message History

You miss something. Something hits you but does no damage.
You barely miss something.
You hear some strange, mumbled words.
A magic dart appears from out of thin air!
The magic dart hits you!
You focus on the pain.
You feel agile all of a sudden.
You take 9 damage, and have 16/33 hp.
MASSIVE DAMAGE!!
You closely miss something. Something hits you but does no damage.
You barely miss something. Something hits you.
You hit something but do no damage. Something hits you but does no damage.
You completely miss something.
You hear some strange, mumbled words.
A puff of flame appears from out of thin air!
The puff of flame hits you!
* * * LOW HITPOINT WARNING * * *
You take 8 damage, and have 8/33 hp.
MASSIVE DAMAGE!!
You barely miss something.
An orc wizard appears from thin air!
Reactivating autopickup.
The orc wizard barely misses you.
You closely miss the orc wizard.
The orc wizard is moderately wounded.
The orc wizard hits you but does no damage.
You barely miss the orc wizard.
The orc wizard is moderately wounded.
It was a potion of enlightenment.
You feel very buoyant.
You fly up into the air.
The orc wizard casts a spell at you. The magic dart hits you!
* * * LOW HITPOINT WARNING * * *
You take 8 damage, and have 1/33 hp.
MASSIVE DAMAGE!!
It was a potion of magic.
Magic courses through your body. The orc wizard completely misses you.
It was a potion of might.
You feel very mighty all of a sudden. The orc wizard completely misses you.
You hit the orc wizard.
The orc wizard is heavily wounded.
The orc wizard hits you with a +0 dagger.
You die...

. . .##. #.! ...#.
.....#### ...#.#
..#....##
#......#.......#
#.###..#.##..#.#
....#......#.#.# # ####
#...#.##...#...######....
....
.#......#.....$oh.....#
####
.#.##...#.....)########
.....#.......###
##...#..##.#.##
..#....)....)).#
..#.########.#..# #...#
#.##... ##### #.# <.... #
#.# ....


You could see an orc wizard.

Vanquished Creatures
  3 adders (D:2)
  A worm (D:2)
  3 dart slugs
  4 orcs (D:3)
  5 bats
  5 endoplasms
  5 goblins
  3 hobgoblins
  6 jackals
  3 quokkas
  5 ball pythons
  3 frilled lizards
  4 kobolds
  6 rats
56 creatures vanquished.

Notes
Turn   | Place    | Note
-------+----------+-------------------------------------------
     0 | D:1      | Ofeo the Demonspawn Shapeshifter began the quest for the
                  | Orb.
     0 | D:1      | Reached XP level 1. HP: 15/15 MP: 1/1
   197 | D:1      | Gained mutation: You sometimes gain a little power by
                  | taking damage. [demonic ancestry]
   197 | D:1      | Reached XP level 2. HP: 21/21 MP: 2/2
  1048 | D:2      | Identified the +3 leather armour of Zokhagemui {rN+}
  1078 | D:2      | Gained mutation: Your demonic aura sometimes causes spilled
                  | blood to erupt in flames. [demonic ancestry]
  1078 | D:2      | Reached XP level 3. HP: 26/26 MP: 3/3
  1507 | D:2      | Reached XP level 4. HP: 33/33 MP: 4/4
  2181 | D:3      | Found a sparkling altar of Nemelex Xobeh.
  2309 | D:3      | Found a radiant altar of Vehumet.
  2534 | D:3      | Identified the +1 spear of the Inquisitive Xalams {protect,
                  | rCorr MP+9 Dex+3}
  2553 | D:3      | HP: 1/33 [orc wizard/magic dart (8)]
  2556 | D:3      | Slain by an orc wizard

Illustrated notes

Levels and vault maps discovered:
D:1:      minmay_arrival_four_loops, layout_loops_ring
D:2:      layout_basic
D:3:      layout_rooms, old_standard_altar, lemuel_crystal_altar,
          hangedman_decor_points

Skill      XL: |  1  2  3 |
---------------+----------+-----
Dodging        | 2 |  2.5
Unarmed Combat | 3 |  3.3
Shapeshifting  | 3 |  3.2
Fighting       | 2 |  2.2

Action                     |  1- 3 |  4- 6 || total
---------------------------+-------+-------++-------
  Melee: Unarmed           |   122 |    76 ||   198
         Punch             |     5 |     1 ||     6
    Use: Potion            |       |     5 ||     5
 Armour: Animal skin       |    10 |       ||    10
         Leather armour    |    29 |    40 ||    69
  Dodge: Dodged            |    67 |    32 ||    99

Table legend: (Time is in decaauts)
 A = Elapsed time spent in this place.
 B = Non-inter-level travel time spent in this place.
 C = Inter-level travel time spent in this place.
 D = Time resting spent in this place.
 E = Time spent auto-exploring this place.
 F = Levels seen in this place.
 G = Mean time per level.
                   A        B        C        D        E       F      G
               +--------+--------+--------+--------+--------+-----+--------+
         Total |   2543 |   2512 |     31 |     86 |   1985 |   3 |  847.7 |
       Dungeon |   2543 |   2512 |     31 |     86 |   1985 |   3 |  847.7 |
               +--------+--------+--------+--------+--------+-----+--------+

Top non-repeatable levels by time:
     D:2: 1222 daAuts
     D:1: 936 daAuts
     D:3: 384 daAuts
